 Dungeon Crawl Stone Soup version 0.31-a0-675-g238779eb0a (webtiles) character file.

Game seed: 5978684692289972701

277 qw the Shooter (level 6, -2/38 HPs)
             Began as a Gargoyle Hunter on Sept 5, 2023.
             Slain by an orc
             ... wielding a +1 flail of protection
              (5 damage)
             ... on level 6 of the Dungeon.
             The game lasted 00:00:41 (1417 turns).

qw the Shooter (Gargoyle Hunter)                    Turns: 1417, Time: 00:00:42

Health: -2/38      AC:  9    Str: 14    XL:     6   Next: 26%
Magic:  6/6        EV: 11    Int: 10    God:
Gold:   152        SH:  0    Dex: 15    Spells: 5/5 levels left

rFire   . . .        Y - +0 shortbow (elec)
rCold   . . .        (shield currently unavailable)
rNeg    + . .        b - +0 ring mail
rPois   inf          (no helmet)
rElec   +            (no cloak)
rCorr   .            (no gloves)
SInv    .            (no boots)
Will    .....        (no amulet)
Stlth   +            (no ring)
HPRegen 0.26/turn    (no ring)
MPRegen 0.10/turn

%: no passive effects
@: no status effects
A: sickness immunity, AC +4, negative energy resistance 1, electricity
resistance, torment resistance 1, petrification resistance
a: no special abilities


You were on level 6 of the Dungeon.
You visited 1 branch of the dungeon, and saw 4 of its levels.

You collected 152 gold pieces.


Innate Abilities, Weirdness & Mutations

You are immune to sickness and miasma.
Your stone body is resilient. (AC +4)
You are immune to poison.
You resist negative energy. (rN+)
You are resistant to electric shocks. (rElec)
You are resistant to unholy torment.
You are immune to petrification.


   Skills:
 - Level 4.1 Fighting
 + Level 6.2 Ranged Weapons
 - Level 1.9 Armour
 - Level 1.5 Dodging
 - Level 1.1 Stealth


You had 5 spell levels left.
You didn't know any spells.
Your spell library was empty.

Inventory:

Hand Weapons
 Y - a +0 shortbow of electrocution (weapon)
Armour
 a - a +0 ring mail of fire resistance
 b - a +0 ring mail (worn)
Potions
 c - a potion of lignification {unknown}
 e - a potion of resistance {unknown}
 f - a potion of curing {unknown}
 i - a potion of attraction {unknown}

Dungeon Overview and Level Annotations

Branches:
Dungeon (3/15)

Altars:


Message History

You kill the orc wizard!
Your Fighting skill increases to level 4!
You see here a +0 short sword.
An orc priest comes into view. It is wielding a +0 club.
The orc priest shouts!
An orc comes into view.
It is wielding a +1 flail of protection.
You see here a +0 flail.
You shoot an arrow. The orc shouts!
The arrow hits the orc priest but does no damage.
You shoot an arrow.
The arrow closely misses the orc priest.
You shoot an arrow. The arrow barely misses the orc priest.
You shoot an arrow. The arrow barely misses the orc priest.
The orc priest mumbles some strange prayers to Beogh against you.
Beogh smites you!
You shoot an arrow. The arrow closely misses the orc.
The arrow barely misses the orc priest.
The orc hits you with a +1 flail of protection.
You shoot an arrow.
The arrow closely misses the orc priest.
The orc priest hits you but does no damage.
The orc hits you but does no damage.
You shoot an arrow.
The arrow closely misses the orc priest.
The orc priest barely misses you. The orc barely misses you.
You shoot an arrow. The arrow hits the orc priest.
The orc priest is moderately wounded.
The orc priest hits you but does no damage.
The orc hits you with a +1 flail of protection.
You shoot an arrow. The arrow hits the orc priest!
The orc priest is almost dead.
The orc priest barely misses you. The orc hits you but does no damage.
The orc priest calls down the wrath of Beogh upon you.
Beogh smites you!
The orc hits you with a +1 flail of protection.
You shoot an arrow. The arrow barely misses the orc priest.
The orc priest misses you.
The orc hits you with a +1 flail of protection.
You die...

#....##.#
#.......#
#..#.##.#.#
#######.........#
.......).####.###
........)####.#
..#..#)).....# .
#....#######
#..@.# #.....oo#
####.).## #)..#
#...# ..[..
...... .......


You could see an orc priest and an orc.

Vanquished Creatures
  3 wights (D:6)
  An iguana (D:3)
  An orc wizard (D:6)
  2 adders (D:2)
  A dart slug (D:2)
  8 orcs
  3 ball pythons
  3 endoplasms
  4 goblins
  6 hobgoblins
  7 kobolds
  A quokka (D:1)
  3 bats
  6 rats
49 creatures vanquished.

Notes
Turn   | Place    | Note
-------+----------+-------------------------------------------
     0 | D:1      | qw the Gargoyle Hunter began the quest for the Orb.
     0 | D:1      | Reached XP level 1. HP: 12/12 MP: 1/1
     0 | D:1      | 0 ||| qw: Version: 0.3-a-75-g829b12e
     0 | D:1      | 0 ||| qw: Game counter: 80
     0 | D:1      | 0 ||| qw: Melee chars always use a shield: true
     0 | D:1      | 0 ||| qw: God list: Okawaru
     0 | D:1      | 0 ||| qw: Allow faded altars: false
     0 | D:1      | 0 ||| qw: Do Orc after clearing Dungeon:15 true
     0 | D:1      | 0 ||| qw: Do second Lair branch before Depths: true
     0 | D:1      | 0 ||| qw: Lair rune preference: random
     0 | D:1      | 0 ||| qw: Goals: Normal
     0 | D:1      | 0 ||| PLANNING D:1-11
   129 | D:1      | Reached XP level 2. HP: 16/17 MP: 2/2
   406 | D:1      | 406 ||| READING scroll labelled LONAEM VUILI.
   407 | D:1      | 407 ||| READING scroll labelled MUOCEH VAMI.
   408 | D:1      | 408 ||| READING 3 scrolls labelled GID AGUCECZAIH.
   509 | D:1      | 509 ||| DROPPING scroll of butterflies.
   510 | D:1      | 510 ||| DROPPING 2 scrolls of silence.
   570 | D:2      | Found a faded altar of an unknown god.
   592 | D:2      | Reached skill level 5 in Ranged Weapons
   592 | D:2      | Reached XP level 3. HP: 21/21 MP: 3/3
   787 | D:2      | 787 ||| FLEEEEING.
   841 | D:2      | 841 ||| FLEEEEING.
   842 | D:2      | 842 ||| FLEEEEING.
   885 | D:2      | Reached skill level 3 in Fighting
  1060 | D:2      | 1060 ||| UPGRADING to +0 ring mail.
  1070 | D:2      | 1070 ||| DROPPING +0 leather armour.
  1071 | D:2      | 1071 ||| READING scroll labelled TEAGEQU QAFAYC.
  1072 | D:2      | 1072 ||| READING scroll labelled QIASOTWU OZA.
  1073 | D:2      | 1073 ||| DRINKING 2 glowing coppery potions.
  1074 | D:2      | 1074 ||| DROPPING potion of degeneration.
  1090 | D:3      | 1090 ||| PLANNING SEWER
  1116 | D:3      | Reached skill level 1 in Armour
  1116 | D:3      | Reached XP level 4. HP: 28/28 MP: 4/4
  1339 | D:3      | You fall into a shaft and drop 3 floors!
  1378 | D:6      | Reached XP level 5. HP: 32/32 MP: 5/5
  1379 | D:6      | Reached skill level 6 in Ranged Weapons
  1386 | D:6      | Reached XP level 6. HP: 34/38 MP: 6/6
  1416 | D:6      | HP: 4/38 [orc priest/divine providence (11)]
  1417 | D:6      | Slain by an orc

Levels and vault maps discovered:
D:1:      mrwooster_arrival_statue_2, layout_rooms
D:2:      layout_rooms, basic_ecumenical_altar
D:3:      layout_loops_ring, portal_sewer_entry_f
D:6:      layout_loops_cross, kennysheep_little_box, mainiacjoe_overflow_swirl

Skill      XL: |  1  2  3  4  5  6 |
---------------+-------------------+-----
Ranged Weapons | 5 6 |  6.2
Fighting       | 3 4 |  4.1
Armour         | 1 |  1.9
Dodging        | |  1.5
Stealth        | |  1.1

Action                     |  1- 3 |  4- 6 || total
---------------------------+-------+-------++-------
   Fire: Shortbow          |   105 |    57 ||   162
    Use: Scroll            |     5 |       ||     5
         Potion            |     1 |       ||     1
 Armour: Leather armour    |    29 |       ||    29
         Ring mail         |       |    18 ||    18
  Dodge: Dodged            |    14 |     9 ||    23

Table legend:
 A = Non-vault XP
 B = Vault XP
 C = Vault XP percentage of total XP
 D = Non-vault monster count
 E = Vault monster count
 F = Vault count percentage of total count
                 A         B        C        D         E       F
            +---------+---------+-------+---------+---------+-------
      Total |     397 |       0 |   0.0 |      49 |       0 |   0.0
            +---------+---------+-------+---------+---------+-------
        D:1 |      29 |       0 |   0.0 |      18 |       0 |   0.0
        D:2 |      48 |       0 |   0.0 |      15 |       0 |   0.0
        D:3 |      51 |       0 |   0.0 |       7 |       0 |   0.0
        D:6 |     269 |       0 |   0.0 |       9 |       0 |   0.0
            +---------+---------+-------+---------+---------+-------
